[ AOE2 MATCH · #478154771 ]
UnrankedPoles vs Mongols
[ REPLAY ANALYSIS · EXTRACTED FROM THE RECORDED GAME ]
Feudal
—
Castle
—
Imperial
—
| APM avg | 14.6 |
| APM peak | 35 |
| eAPM avg | 7.7 |
| Villagers / military | 91 / 22 |
Focus
⚔️ 13.8% · 🌾 86.2%
Spearman ×20 · Trebuchet (Packed) ×2
Feudal
11:20
Castle
15:08
Imperial
30:10
| APM avg | 30.4 |
| APM peak | 79 |
| eAPM avg | 13.5 |
| Villagers / military | 154 / 50 |
Focus
⚔️ 19.7% · 🌾 80.3%
Mangudai ×44 · Trade Cart ×11 · Trebuchet (Packed) ×3 · Battering Ram ×2 · Monk ×1
Feudal
11:45
Castle
19:31
Imperial
33:54
| APM avg | 24.6 |
| APM peak | 84 |
| eAPM avg | 13.5 |
| Villagers / military | 107 / 15 |
Focus
⚔️ 25.8% · 🌾 74.2%
Mangonel ×7 · Trebuchet (Packed) ×4 · Monk ×2 · Battering Ram ×2
Feudal
11:17
Castle
14:57
Imperial
32:15
| APM avg | 20.5 |
| APM peak | 39 |
| eAPM avg | 16.3 |
| Villagers / military | 207 / 52 |
Focus
⚔️ 16.0% · 🌾 84.0%
War Elephant ×50 · Monk ×2
Feudal
—
Castle
—
Imperial
—
| APM avg | 17.5 |
| APM peak | 47 |
| eAPM avg | 9.4 |
| Villagers / military | 68 / 24 |
Focus
⚔️ 20.9% · 🌾 79.1%
Conquistador ×10 · Spearman ×7 · Missionary ×4 · Trebuchet (Packed) ×2 · Mangonel ×1
Feudal
11:11
Castle
18:55
Imperial
34:57
| APM avg | 31.2 |
| APM peak | 55 |
| eAPM avg | 14.1 |
| Villagers / military | 66 / 32 |
Focus
⚔️ 18.1% · 🌾 81.9%
Scorpion ×8 · Knight ×6 · Throwing Axeman ×4 · Trebuchet (Packed) ×3 · Petard ×2 · Militia ×2
Feudal
11:49
Castle
15:48
Imperial
—
| APM avg | 25.2 |
| APM peak | 65 |
| eAPM avg | 16.1 |
| Villagers / military | 253 / 43 |
Focus
⚔️ 11.7% · 🌾 88.3%
Battering Ram ×40 · Spearman ×3
Feudal
11:07
Castle
17:44
Imperial
33:12
| APM avg | 30.9 |
| APM peak | 84 |
| eAPM avg | 16.2 |
| Villagers / military | 110 / 64 |
Focus
⚔️ 30.8% · 🌾 69.2%
Chu Ko Nu ×51 · Iron Pagoda ×6 · Trebuchet (Packed) ×4 · Petard ×2 · Battering Ram ×1
Match map
Initial resources + every placement click. Lines = walls · curves = elevation contours. ◆ gold · ⬟ stone · ● berries · ✦ relic · ◌ wall gap
Your base· ✓ Closed at 13:32 · 0t walls · 2 gate(s)
風実花's base· ✓ Closed at 15:08 · 0t walls · 2 gate(s)
dantealhz's base· ✓ Closed at 19:31 · 0t walls · 2 gate(s)
JimmyKumarMcgill's base· ✓ Closed at 14:57 · 0t walls · 2 gate(s)
SeventhDrip9's base· ✓ Closed at 14:57 · 0t walls · 2 gate(s)
白馬义从's base· ✓ Closed at 18:55 · 0t walls · 2 gate(s)
cArLoS's base· ✓ Closed at 15:48 · 0t walls · 2 gate(s)
Loki's base· ✓ Closed at 17:44 · 0t walls · 3 gate(s)
Smoothed initial terrain · ◌ = detected wall gap · hover for details
Inputs per minute
— FraButtu89 - - 風実花
Build order — FraButtu89
First 150 of 157 actions detected
| 0:08 | Build | House |
| 0:09 | Build | House |
| 0:10 | Build | House |
| 0:13 | Create | Villager (Male) ×4 |
| 2:56 | Create | Villager (Male) |
| 2:57 | Create | Villager (Male) |
| 2:57 | Create | Villager (Male) |
| 3:42 | Create | Villager (Male) |
| 3:56 | Build | Mill |
| 4:08 | Create | Villager (Male) |
| 4:23 | Create | Villager (Male) |
| 4:47 | Create | Villager (Male) |
| 5:33 | Create | Villager (Male) |
| 6:14 | Create | Villager (Male) |
| 6:14 | Create | Villager (Male) |
| 6:34 | Create | Villager (Male) |
| 6:49 | Create | Villager (Male) |
| 7:12 | Build | House |
| 7:33 | Create | Villager (Male) |
| 7:53 | Create | Villager (Male) |
| 7:53 | Create | Villager (Male) |
| 8:29 | Build | Lumber Camp |
| 9:09 | Research | Feudal Age |
| 9:47 | Build | Mining Camp |
| 10:36 | Create | Villager (Male) |
| 10:37 | Create | Villager (Male) |
| 10:37 | Create | Villager (Male) |
| 10:39 | Create | Villager (Male) |
| 11:32 | Build | Market |
| 11:38 | Create | Villager (Male) |
| 12:25 | Build | Blacksmith |
| 12:59 | Create | Villager (Male) |
| 13:32 | Research | Castle Age |
| 13:40 | Build | Mining Camp |
| 13:55 | Build | House |
| 13:57 | Build | House |
| 14:26 | Build | Farm |
| 14:27 | Build | Farm |
| 14:29 | Build | Farm |
| 14:30 | Build | Farm |
| 14:40 | Build | Farm |
| 14:42 | Build | Farm |
| 14:46 | Research | Double-Bit Axe |
| 15:13 | Build | House |
| 15:15 | Build | House |
| 15:30 | Research | Horse Collar |
| 16:33 | Build | Town Center |
| 16:40 | Create | Villager (Male) |
| 16:40 | Create | Villager (Male) |
| 17:12 | Create | Villager (Male) |
| 17:12 | Create | Villager (Male) |
| 17:40 | Create | Villager (Male) |
| 17:51 | Create | Villager (Male) ×2 |
| 18:24 | Build | Town Center |
| 18:51 | Create | Villager (Male) ×3 |
| 19:49 | Create | Villager (Male) ×2 |
| 20:30 | Build | Farm |
| 20:39 | Create | Villager (Male) ×2 |
| 20:40 | Create | Villager (Male) ×2 |
| 21:31 | Build | Castle |
| 21:48 | Build | Farm |
| 21:50 | Build | Farm |
| 21:52 | Build | Farm |
| 21:54 | Build | Farm |
| 22:01 | Build | Mill |
| 22:07 | Build | Farm |
| 22:09 | Build | Farm |
| 23:07 | Create | Villager (Male) ×5 |
| 23:07 | Create | Villager (Male) ×5 |
| 23:14 | Build | Farm |
| 23:20 | Create | Villager (Male) |
| 23:38 | Build | Farm |
| 23:48 | Build | Farm |
| 23:53 | Research | Bow Saw |
| 24:34 | Build | Barracks |
| 24:42 | Create | Villager (Male) ×5 |
| 24:42 | Create | Villager (Male) ×5 |
| 25:27 | Build | Mining Camp |
| 25:36 | Build | Barracks |
| 25:46 | Build | Farm |
| 25:47 | Build | Farm |
| 25:48 | Build | Farm |
| 25:51 | Build | Farm |
| 25:54 | Create | Villager (Male) ×5 |
| 26:16 | Create | Villager (Male) ×5 |
| 26:28 | Build | House |
| 26:29 | Build | House |
| 26:29 | Build | House |
| 26:30 | Build | House |
| 26:32 | Build | House |
| 26:33 | Build | House |
| 26:46 | Create | Villager (Male) ×4 |
| 26:53 | Build | Farm |
| 26:54 | Build | Farm |
| 27:05 | Build | Barracks |
| 27:10 | Build | Farm |
| 27:14 | Build | Farm |
| 27:21 | Build | Farm |
| 27:35 | Research | Heavy Plow |
| 27:45 | Build | Town Center |
| 27:59 | Create | Villager (Male) ×5 |
| 28:18 | Build | Barracks |
| 28:22 | Build | Barracks |
| 28:44 | Build | Mill |
| 28:48 | Build | Mill |
| 28:52 | Build | Farm |
| 28:53 | Build | Farm |
| 28:54 | Build | Farm |
| 29:02 | Build | Farm |
| 29:03 | Build | Farm |
| 29:05 | Build | Farm |
| 29:16 | Build | Farm |
| 29:18 | Build | Farm |
| 29:24 | Build | Farm |
| 29:25 | Build | Farm |
| 29:27 | Build | Farm |
| 29:28 | Build | Farm |
| 29:56 | Build | House |
| 29:57 | Build | House |
| 29:57 | Build | House |
| 29:58 | Build | House |
| 29:59 | Build | House |
| 29:59 | Build | House |
| 30:00 | Build | House |
| 30:01 | Build | House |
| 30:01 | Build | House |
| 30:08 | Build | Farm |
| 30:19 | Research | Imperial Age |
| 30:40 | Build | Mining Camp |
| 30:52 | Build | Mining Camp |
| 30:59 | Build | Farm |
| 31:07 | Build | Mining Camp |
| 31:19 | Build | Stable |
| 31:20 | Build | Stable |
| 31:21 | Build | Stable |
| 31:23 | Build | Stable |
| 31:24 | Build | Stable |
| 31:28 | Build | Stable |
| 31:32 | Create | Villager (Male) ×5 |
| 31:33 | Research | Wheelbarrow |
| 31:34 | Research | Town Watch |
| 31:35 | Create | Villager (Male) ×5 |
| 32:13 | Build | Mill |
| 32:16 | Build | Mill |
| 32:32 | Create | Spearman ×5 |
| 32:33 | Create | Spearman ×5 |
| 32:33 | Create | Spearman ×5 |
| 32:33 | Create | Spearman ×5 |
| 33:30 | Research | Pikeman (upgrade) |
| 33:31 | Research | Squires |
Build order — 風実花
First 150 of 255 actions detected
| 0:01 | Create | Villager (Male) ×4 |
| 0:03 | Build | House |
| 0:05 | Build | House |
| 1:34 | Create | Villager (Male) |
| 1:35 | Create | Villager (Male) |
| 2:04 | Create | Villager (Male) |
| 2:04 | Create | Villager (Male) |
| 2:04 | Create | Villager (Male) |
| 2:25 | Create | Villager (Male) |
| 2:25 | Create | Villager (Male) |
| 2:41 | Build | Lumber Camp |
| 3:19 | Build | House |
| 3:20 | Build | House |
| 3:30 | Create | Villager (Male) |
| 3:31 | Create | Villager (Male) |
| 3:31 | Create | Villager (Male) |
| 4:18 | Create | Villager (Male) |
| 4:18 | Create | Villager (Male) |
| 4:18 | Create | Villager (Male) |
| 4:57 | Build | Mill |
| 5:01 | Build | Mill |
| 5:04 | Create | Villager (Male) |
| 5:05 | Create | Villager (Male) |
| 6:12 | Build | Mining Camp |
| 6:15 | Create | Villager (Male) |
| 6:15 | Create | Villager (Male) |
| 6:16 | Create | Villager (Male) |
| 6:16 | Create | Villager (Male) |
| 6:17 | Create | Villager (Male) |
| 6:18 | Create | Villager (Male) |
| 7:41 | Create | Villager (Male) |
| 7:43 | Create | Villager (Male) |
| 7:43 | Create | Villager (Male) |
| 8:49 | Build | Mining Camp |
| 8:56 | Research | Feudal Age |
| 11:12 | Create | Villager (Male) |
| 11:13 | Create | Villager (Male) |
| 11:13 | Create | Villager (Male) |
| 11:15 | Build | House |
| 11:20 | Age | Feudal Age |
| 11:35 | Build | Market |
| 11:38 | Build | Blacksmith |
| 12:25 | Research | Castle Age |
| 12:40 | Research | Double-Bit Axe |
| 12:45 | Build | Farm |
| 12:46 | Build | Farm |
| 13:01 | Build | Farm |
| 13:48 | Research | Horse Collar |
| 14:01 | Build | Farm |
| 14:02 | Build | Farm |
| 14:02 | Build | Farm |
| 14:13 | Build | Farm |
| 14:13 | Build | Farm |
| 14:59 | Create | Villager (Male) |
| 15:08 | Age | Castle Age |
| 15:16 | Create | Villager (Male) |
| 15:19 | Create | Villager (Male) |
| 15:36 | Build | House |
| 15:38 | Build | House |
| 15:40 | Build | House |
| 15:53 | Build | Town Center |
| 16:22 | Build | Castle |
| 16:32 | Build | Farm |
| 16:37 | Create | Villager (Male) |
| 16:43 | Research | Heavy Plow |
| 16:59 | Create | Villager (Male) |
| 17:09 | Build | Farm |
| 17:11 | Create | Villager (Male) |
| 17:11 | Create | Villager (Male) |
| 17:21 | Build | House |
| 17:26 | Create | Villager (Male) |
| 17:41 | Build | Farm |
| 17:45 | Create | Villager (Male) |
| 17:45 | Create | Villager (Male) |
| 17:54 | Build | House |
| 17:57 | Create | Villager (Male) |
| 17:57 | Create | Villager (Male) |
| 18:07 | Build | Farm |
| 18:07 | Build | Farm |
| 18:12 | Build | Farm |
| 18:13 | Create | Villager (Male) |
| 18:14 | Create | Villager (Male) |
| 18:22 | Build | Farm |
| 18:26 | Build | House |
| 18:27 | Create | Villager (Male) |
| 18:28 | Create | Villager (Male) |
| 18:39 | Create | Villager (Male) |
| 18:40 | Create | Villager (Male) |
| 18:44 | Build | Farm |
| 18:52 | Create | Villager (Male) |
| 18:53 | Create | Villager (Male) |
| 18:58 | Build | House |
| 19:03 | Create | Villager (Male) |
| 19:11 | Build | Farm |
| 19:17 | Create | Villager (Male) |
| 19:17 | Create | Villager (Male) |
| 19:31 | Build | Monastery |
| 19:32 | Create | Villager (Male) |
| 19:33 | Create | Villager (Male) |
| 19:33 | Create | Villager (Male) |
| 19:40 | Build | Farm |
| 19:42 | Create | Villager (Male) |
| 19:42 | Create | Villager (Male) |
| 19:51 | Create | Villager (Male) |
| 20:00 | Create | Villager (Male) |
| 20:00 | Create | Villager (Male) |
| 20:04 | Build | Farm |
| 20:10 | Create | Mangudai |
| 20:10 | Create | Mangudai |
| 20:15 | Create | Mangudai |
| 20:19 | Create | Mangudai |
| 20:23 | Build | House |
| 20:26 | Create | Villager (Male) |
| 20:26 | Create | Villager (Male) |
| 20:40 | Create | Villager (Male) |
| 20:40 | Create | Villager (Male) |
| 20:47 | Create | Monk |
| 21:04 | Build | Farm |
| 21:05 | Create | Villager (Male) |
| 21:06 | Create | Villager (Male) |
| 21:09 | Build | House |
| 21:15 | Build | University |
| 21:17 | Create | Villager (Male) |
| 21:17 | Create | Villager (Male) |
| 21:18 | Create | Villager (Male) |
| 21:18 | Create | Villager (Male) |
| 21:21 | Build | Farm |
| 21:34 | Build | Farm |
| 21:34 | Build | Farm |
| 21:34 | Build | Farm |
| 21:35 | Build | Farm |
| 21:38 | Create | Villager (Male) |
| 21:38 | Create | Villager (Male) |
| 21:38 | Create | Villager (Male) |
| 21:52 | Build | Farm |
| 21:57 | Build | Farm |
| 22:05 | Create | Mangudai |
| 22:05 | Create | Mangudai |
| 22:15 | Create | Villager (Male) |
| 22:17 | Research | Wheelbarrow |
| 22:44 | Build | House |
| 22:46 | Build | House |
| 22:51 | Build | Barracks |
| 22:55 | Create | Villager (Male) |
| 22:56 | Create | Villager (Male) |
| 22:56 | Create | Villager (Male) |
| 22:56 | Create | Villager (Male) |
| 22:59 | Create | Villager (Male) |
| 23:00 | Create | Mangudai |
| 23:03 | Create | Mangudai |
Build order — dantealhz
First 150 of 269 actions detected
| 0:02 | Create | Villager (Male) |
| 0:04 | Build | House |
| 0:06 | Build | House |
| 0:09 | Build | House |
| 0:27 | Research | Loom |
| 0:27 | Create | Villager (Male) |
| 0:28 | Create | Villager (Male) |
| 0:28 | Create | Villager (Male) |
| 1:33 | Create | Villager (Male) |
| 2:11 | Create | Villager (Male) |
| 2:12 | Create | Villager (Male) |
| 2:35 | Create | Villager (Male) |
| 2:54 | Build | Lumber Camp |
| 2:57 | Create | Villager (Male) |
| 3:18 | Create | Villager (Male) |
| 4:15 | Create | Villager (Male) |
| 4:16 | Create | Villager (Male) |
| 4:16 | Create | Villager (Male) |
| 4:39 | Create | Villager (Male) |
| 5:27 | Create | Villager (Male) |
| 5:28 | Create | Villager (Male) |
| 6:16 | Create | Villager (Male) |
| 6:26 | Build | House |
| 6:53 | Create | Villager (Male) |
| 6:55 | Create | Villager (Male) |
| 6:55 | Create | Villager (Male) |
| 7:46 | Create | Villager (Male) |
| 8:26 | Build | Mill |
| 8:45 | Create | Villager (Male) |
| 8:47 | Create | Villager (Male) |
| 9:21 | Research | Feudal Age |
| 9:22 | Research | Feudal Age |
| 10:31 | Build | Mill |
| 11:45 | Age | Feudal Age |
| 12:13 | Create | Villager (Male) |
| 12:16 | Research | Town Watch |
| 12:17 | Research | Wheelbarrow |
| 12:25 | Build | Mining Camp |
| 13:04 | Create | Villager (Male) |
| 13:37 | Create | Villager (Male) |
| 13:46 | Build | House |
| 13:54 | Build | Mill |
| 14:00 | Build | House |
| 14:25 | Create | Villager (Male) |
| 14:34 | Research | Double-Bit Axe |
| 14:45 | Create | Villager (Male) |
| 15:00 | Build | Market |
| 15:06 | Build | Blacksmith |
| 15:11 | Build | House |
| 15:15 | Research | Horse Collar |
| 15:16 | Create | Villager (Male) |
| 15:35 | Create | Villager (Male) |
| 15:44 | Research | Horse Collar |
| 15:44 | Research | Horse Collar |
| 15:44 | Research | Horse Collar |
| 15:44 | Research | Horse Collar |
| 15:45 | Research | Horse Collar |
| 15:51 | Build | Farm |
| 15:51 | Build | Farm |
| 15:52 | Build | Farm |
| 15:52 | Build | Farm |
| 15:52 | Build | Farm |
| 15:53 | Build | Farm |
| 15:54 | Build | Farm |
| 15:55 | Build | Farm |
| 15:55 | Build | Farm |
| 15:56 | Build | Farm |
| 16:01 | Create | Villager (Male) |
| 16:51 | Research | Castle Age |
| 16:51 | Research | Castle Age |
| 16:55 | Build | Farm |
| 16:55 | Build | Farm |
| 16:55 | Build | Farm |
| 16:58 | Create | Villager (Male) |
| 18:56 | Create | Villager (Male) |
| 19:27 | Build | House |
| 19:31 | Age | Castle Age |
| 19:36 | Build | Town Center |
| 19:42 | Create | Villager (Male) |
| 19:48 | Build | Monastery |
| 19:55 | Research | Bow Saw |
| 20:02 | Create | Villager (Male) |
| 20:10 | Build | Farm |
| 20:11 | Build | Farm |
| 20:12 | Build | Farm |
| 20:21 | Create | Villager (Male) |
| 20:37 | Create | Monk |
| 20:42 | Create | Villager (Male) |
| 21:02 | Create | Villager (Male) |
| 21:03 | Create | Villager (Male) |
| 21:03 | Create | Villager (Male) |
| 21:27 | Build | Town Center |
| 21:41 | Build | Farm |
| 21:41 | Create | Villager (Male) |
| 21:51 | Create | Monk |
| 22:22 | Create | Villager (Male) |
| 22:23 | Create | Villager (Male) |
| 22:26 | Create | Villager (Male) |
| 22:27 | Create | Villager (Male) |
| 22:28 | Create | Villager (Male) |
| 22:55 | Create | Villager (Male) |
| 22:55 | Create | Villager (Male) |
| 22:55 | Create | Villager (Male) |
| 23:10 | Research | Hand Cart |
| 23:12 | Create | Villager (Male) |
| 23:13 | Create | Villager (Male) |
| 23:16 | Research | Heavy Plow |
| 23:18 | Research | Bow Saw |
| 23:22 | Build | Farm |
| 23:22 | Build | Farm |
| 23:22 | Build | Farm |
| 23:28 | Build | Farm |
| 23:33 | Create | Villager (Male) |
| 23:34 | Create | Villager (Male) |
| 23:34 | Create | Villager (Male) |
| 24:29 | Create | Villager (Male) |
| 24:29 | Create | Villager (Male) |
| 24:30 | Create | Villager (Male) |
| 24:30 | Create | Villager (Male) |
| 24:30 | Create | Villager (Male) |
| 24:55 | Create | Villager (Male) |
| 24:55 | Create | Villager (Male) |
| 24:56 | Create | Villager (Male) |
| 25:10 | Build | House |
| 25:11 | Build | House |
| 25:12 | Build | House |
| 25:29 | Build | Lumber Camp |
| 25:33 | Create | Villager (Male) |
| 25:33 | Create | Villager (Male) |
| 25:44 | Build | Farm |
| 25:45 | Build | Farm |
| 25:45 | Build | Farm |
| 25:45 | Build | Farm |
| 25:46 | Build | Farm |
| 25:49 | Build | Mill |
| 25:51 | Build | Farm |
| 25:52 | Build | Farm |
| 25:53 | Build | Farm |
| 25:58 | Build | Farm |
| 25:59 | Create | Villager (Male) |
| 25:59 | Create | Villager (Male) |
| 26:00 | Create | Villager (Male) |
| 26:12 | Build | Town Center |
| 26:13 | Create | Villager (Male) |
| 26:13 | Create | Villager (Male) |
| 26:34 | Build | Siege Workshop |
| 26:44 | Build | Siege Workshop |
| 26:49 | Create | Mangonel |
| 26:52 | Create | Villager (Male) |
| 26:52 | Create | Villager (Male) |
Build order — JimmyKumarMcgill
First 150 of 416 actions detected
| 0:03 | Create | Villager (Male) |
| 0:04 | Create | Villager (Male) |
| 0:05 | Build | House |
| 0:08 | Build | House |
| 0:37 | Create | Villager (Male) |
| 0:37 | Create | Villager (Male) |
| 0:37 | Create | Villager (Male) |
| 0:37 | Create | Villager (Male) |
| 1:35 | Create | Villager (Male) |
| 1:35 | Create | Villager (Male) |
| 1:46 | Build | Lumber Camp |
| 2:05 | Create | Villager (Male) |
| 2:05 | Create | Villager (Male) |
| 2:24 | Create | Villager (Male) |
| 2:24 | Create | Villager (Male) |
| 2:51 | Create | Villager (Male) |
| 2:51 | Create | Villager (Male) |
| 3:12 | Create | Villager (Male) |
| 3:12 | Create | Villager (Male) |
| 3:21 | Build | House |
| 3:25 | Build | House |
| 3:27 | Build | House |
| 3:35 | Create | Villager (Male) |
| 3:36 | Create | Villager (Male) |
| 3:50 | Create | Villager (Male) |
| 3:51 | Create | Villager (Male) |
| 3:51 | Create | Villager (Male) |
| 4:12 | Build | Mill |
| 4:40 | Create | Villager (Male) |
| 4:41 | Create | Villager (Male) |
| 5:14 | Create | Villager (Male) |
| 5:15 | Create | Villager (Male) |
| 5:15 | Create | Villager (Male) |
| 6:02 | Create | Villager (Male) |
| 6:02 | Create | Villager (Male) |
| 6:03 | Create | Villager (Male) |
| 6:25 | Create | Villager (Male) |
| 6:48 | Create | Villager (Male) |
| 6:48 | Create | Villager (Male) |
| 6:48 | Create | Villager (Male) |
| 7:00 | Build | Lumber Camp |
| 7:10 | Build | Lumber Camp |
| 7:14 | Create | Villager (Male) |
| 7:14 | Create | Villager (Male) |
| 7:15 | Create | Villager (Male) |
| 7:15 | Create | Villager (Male) |
| 7:25 | Build | Farm |
| 7:29 | Build | Farm |
| 7:30 | Build | Farm |
| 8:41 | Build | Mining Camp |
| 8:56 | Research | Feudal Age |
| 9:27 | Create | Villager (Male) |
| 9:28 | Create | Villager (Male) |
| 9:28 | Create | Villager (Male) |
| 11:17 | Age | Feudal Age |
| 11:24 | Build | Market |
| 11:30 | Build | Blacksmith |
| 12:31 | Research | Castle Age |
| 12:56 | Research | Horse Collar |
| 13:11 | Build | Farm |
| 13:12 | Build | Farm |
| 13:13 | Build | Farm |
| 13:45 | Research | Double-Bit Axe |
| 14:17 | Build | House |
| 14:55 | Build | House |
| 14:57 | Age | Castle Age |
| 15:05 | Build | Town Center |
| 15:13 | Build | Town Center |
| 15:16 | Research | Bow Saw |
| 15:21 | Research | Heavy Plow |
| 15:29 | Build | Monastery |
| 15:50 | Create | Villager (Male) |
| 16:03 | Build | House |
| 16:05 | Build | House |
| 16:09 | Create | Villager (Male) |
| 16:21 | Create | Monk |
| 16:21 | Create | Monk |
| 16:37 | Create | Villager (Male) |
| 16:37 | Create | Villager (Male) |
| 16:38 | Create | Villager (Male) |
| 16:44 | Build | Farm |
| 16:44 | Build | Farm |
| 16:45 | Build | Farm |
| 16:45 | Build | Farm |
| 16:46 | Build | Farm |
| 16:51 | Build | Farm |
| 16:53 | Build | Farm |
| 16:56 | Create | Villager (Male) |
| 16:56 | Create | Villager (Male) |
| 17:03 | Build | Farm |
| 17:04 | Build | Farm |
| 17:06 | Build | Farm |
| 17:39 | Build | House |
| 17:40 | Build | House |
| 17:41 | Build | House |
| 17:44 | Create | Villager (Male) |
| 17:44 | Create | Villager (Male) |
| 17:44 | Create | Villager (Male) |
| 17:50 | Build | Farm |
| 17:51 | Build | Farm |
| 17:51 | Build | Farm |
| 17:52 | Build | Farm |
| 17:58 | Create | Villager (Male) |
| 17:58 | Create | Villager (Male) |
| 17:59 | Create | Villager (Male) |
| 18:00 | Create | Villager (Male) |
| 18:00 | Create | Villager (Male) |
| 18:00 | Create | Villager (Male) |
| 18:30 | Build | Farm |
| 18:42 | Create | Villager (Male) |
| 18:42 | Create | Villager (Male) |
| 18:42 | Create | Villager (Male) |
| 18:43 | Create | Villager (Male) |
| 18:43 | Create | Villager (Male) |
| 18:55 | Build | Mill |
| 18:58 | Build | Farm |
| 18:59 | Build | Farm |
| 18:59 | Build | Farm |
| 19:00 | Build | Farm |
| 19:02 | Create | Villager (Male) |
| 19:02 | Create | Villager (Male) |
| 19:03 | Create | Villager (Male) |
| 19:03 | Create | Villager (Male) |
| 19:10 | Build | House |
| 19:12 | Build | House |
| 19:13 | Build | House |
| 19:32 | Create | Villager (Male) |
| 19:32 | Create | Villager (Male) |
| 19:32 | Create | Villager (Male) |
| 19:32 | Create | Villager (Male) |
| 19:33 | Create | Villager (Male) |
| 19:48 | Build | Farm |
| 19:49 | Build | Farm |
| 19:49 | Build | Farm |
| 19:50 | Build | Farm |
| 19:53 | Create | Villager (Male) |
| 19:53 | Create | Villager (Male) |
| 19:54 | Create | Villager (Male) |
| 19:54 | Create | Villager (Male) |
| 20:06 | Build | Farm |
| 20:13 | Build | Farm |
| 20:14 | Build | Farm |
| 20:20 | Research | Loom |
| 20:21 | Research | Wheelbarrow |
| 20:23 | Create | Villager (Male) |
| 20:24 | Create | Villager (Male) |
| 20:27 | Create | Villager (Male) |
| 20:27 | Create | Villager (Male) |
| 20:40 | Create | Villager (Male) |
| 20:40 | Create | Villager (Male) |
Build order — SeventhDrip9
First 150 of 176 actions detected
| 0:05 | Research | Loom |
| 0:05 | Create | Villager (Male) |
| 0:05 | Create | Villager (Male) |
| 0:06 | Create | Villager (Male) |
| 0:06 | Create | Villager (Male) |
| 0:06 | Create | Villager (Male) |
| 0:09 | Build | House |
| 0:10 | Build | House |
| 2:10 | Create | Villager (Male) |
| 2:55 | Create | Villager (Male) |
| 3:07 | Create | Villager (Male) |
| 3:08 | Create | Villager (Male) |
| 3:15 | Create | Villager (Male) |
| 3:16 | Create | Villager (Male) |
| 3:50 | Create | Villager (Male) |
| 3:58 | Build | House |
| 4:30 | Create | Villager (Male) |
| 4:35 | Create | Villager (Male) |
| 4:57 | Create | Villager (Male) |
| 5:08 | Build | Mill |
| 5:22 | Create | Villager (Male) |
| 5:48 | Create | Villager (Male) |
| 5:57 | Build | House |
| 6:07 | Create | Villager (Male) |
| 6:30 | Build | Lumber Camp |
| 6:52 | Create | Villager (Male) |
| 7:23 | Create | Villager (Male) |
| 7:53 | Create | Villager (Male) |
| 8:33 | Research | Feudal Age |
| 8:43 | Build | Mining Camp |
| 9:23 | Create | Villager (Male) |
| 9:24 | Create | Villager (Male) |
| 10:26 | Create | Villager (Male) |
| 10:37 | Build | House |
| 10:39 | Build | House |
| 10:48 | Build | Barracks |
| 11:11 | Build | Market |
| 11:39 | Build | Blacksmith |
| 11:47 | Create | Villager (Male) |
| 12:19 | Build | Mining Camp |
| 12:36 | Build | Farm |
| 12:39 | Create | Villager (Male) |
| 13:02 | Build | Farm |
| 13:07 | Build | Farm |
| 13:17 | Build | Farm |
| 14:49 | Build | House |
| 14:50 | Build | House |
| 14:52 | Build | House |
| 14:57 | Research | Castle Age |
| 14:57 | Research | Castle Age |
| 15:11 | Create | Spearman |
| 15:11 | Create | Spearman |
| 15:37 | Build | Farm |
| 15:41 | Build | Farm |
| 15:45 | Build | Farm |
| 15:52 | Build | Farm |
| 15:58 | Build | Farm |
| 16:03 | Create | Villager (Male) |
| 16:03 | Create | Villager (Male) |
| 16:12 | Research | Double-Bit Axe |
| 16:25 | Build | Outpost |
| 16:44 | Research | Horse Collar |
| 16:51 | Create | Spearman |
| 17:14 | Build | House |
| 17:15 | Build | House |
| 17:30 | Create | Villager (Male) |
| 18:03 | Create | Spearman |
| 18:22 | Build | Monastery |
| 18:25 | Build | House |
| 18:26 | Build | House |
| 18:46 | Create | Villager (Male) |
| 18:47 | Create | Villager (Male) |
| 19:12 | Create | Missionary |
| 19:25 | Build | Town Center |
| 19:29 | Create | Villager (Male) |
| 19:41 | Create | Missionary |
| 19:46 | Build | Farm |
| 19:50 | Research | Bow Saw |
| 19:58 | Build | House |
| 20:06 | Build | Farm |
| 20:46 | Create | Spearman |
| 20:47 | Create | Spearman |
| 21:18 | Create | Villager (Male) |
| 21:18 | Create | Villager (Male) |
| 21:18 | Create | Villager (Male) |
| 21:47 | Create | Spearman |
| 22:01 | Create | Missionary |
| 22:02 | Create | Missionary |
| 22:11 | Build | Outpost |
| 22:13 | Create | Villager (Male) |
| 22:18 | Create | Villager (Male) |
| 22:18 | Create | Villager (Male) |
| 23:01 | Research | Fervor |
| 23:25 | Create | Villager (Male) |
| 23:26 | Create | Villager (Male) |
| 23:30 | Create | Villager (Male) |
| 23:30 | Create | Villager (Male) |
| 23:45 | Build | Castle |
| 23:59 | Build | Stone Wall |
| 24:06 | Build | Stone Wall |
| 24:10 | Build | Gate |
| 24:42 | Build | Gate |
| 24:50 | Create | Villager (Male) |
| 24:51 | Create | Villager (Male) |
| 24:52 | Create | Villager (Male) |
| 24:52 | Create | Villager (Male) |
| 25:00 | Create | Conquistador |
| 25:03 | Create | Conquistador |
| 25:11 | Build | Stone Wall |
| 25:28 | Build | Stone Wall |
| 25:42 | Create | Conquistador |
| 25:43 | Create | Villager (Male) |
| 25:54 | Build | Farm |
| 25:55 | Build | Farm |
| 25:59 | Build | Farm |
| 25:59 | Build | Farm |
| 26:03 | Create | Villager (Male) |
| 26:03 | Create | Villager (Male) |
| 26:18 | Build | Town Center |
| 26:23 | Create | Conquistador |
| 26:34 | Build | Mining Camp |
| 26:41 | Build | Outpost |
| 26:56 | Create | Conquistador |
| 26:58 | Create | Conquistador |
| 26:58 | Create | Villager (Male) |
| 26:59 | Create | Villager (Male) |
| 27:00 | Create | Villager (Male) |
| 27:01 | Create | Villager (Male) |
| 27:12 | Build | Farm |
| 27:13 | Build | Farm |
| 27:14 | Create | Villager (Male) |
| 28:00 | Build | Siege Workshop |
| 28:11 | Create | Conquistador |
| 28:17 | Build | House |
| 28:19 | Build | House |
| 28:32 | Create | Villager (Male) |
| 28:32 | Create | Villager (Male) |
| 28:35 | Create | Villager (Male) |
| 28:36 | Create | Villager (Male) |
| 29:50 | Research | Redemption |
| 29:53 | Create | Villager (Male) |
| 29:54 | Create | Villager (Male) |
| 29:54 | Create | Villager (Male) |
| 29:56 | Create | Villager (Male) |
| 30:02 | Research | Gold Mining |
| 30:07 | Create | Mangonel |
| 30:37 | Build | House |
| 30:38 | Build | House |
| 30:39 | Build | House |
| 30:40 | Build | House |
Build order — 白馬义从
First 150 of 169 actions detected
| 0:09 | Build | House |
| 0:16 | Build | House |
| 0:18 | Create | Villager (Male) |
| 0:18 | Create | Villager (Male) |
| 0:18 | Create | Villager (Male) |
| 0:19 | Create | Villager (Male) |
| 0:19 | Create | Villager (Male) |
| 0:20 | Research | Loom |
| 1:03 | Build | House |
| 1:13 | Build | House |
| 1:57 | Create | Villager (Male) |
| 1:58 | Create | Villager (Male) |
| 1:58 | Create | Villager (Male) |
| 2:08 | Build | Lumber Camp |
| 2:32 | Create | Villager (Male) |
| 2:32 | Create | Villager (Male) |
| 2:32 | Create | Villager (Male) |
| 3:09 | Create | Villager (Male) |
| 3:09 | Create | Villager (Male) |
| 3:09 | Create | Villager (Male) |
| 4:04 | Create | Villager (Male) |
| 4:05 | Create | Villager (Male) |
| 4:05 | Create | Villager (Male) |
| 6:20 | Create | Villager (Male) |
| 6:20 | Create | Villager (Male) |
| 6:29 | Build | Mill |
| 7:21 | Create | Villager (Male) |
| 7:22 | Create | Villager (Male) |
| 7:45 | Create | Villager (Male) |
| 8:04 | Build | Farm |
| 8:17 | Build | Farm |
| 8:26 | Create | Villager (Male) |
| 8:57 | Research | Feudal Age |
| 9:21 | Create | Villager (Male) |
| 9:38 | Build | House |
| 9:39 | Build | House |
| 10:22 | Build | Mining Camp |
| 10:39 | Build | Lumber Camp |
| 11:06 | Create | Villager (Male) |
| 11:11 | Age | Feudal Age |
| 11:28 | Build | Farm |
| 12:06 | Create | Villager (Male) |
| 12:06 | Create | Villager (Male) |
| 12:06 | Create | Villager (Male) |
| 12:26 | Build | Market |
| 13:01 | Create | Villager (Male) |
| 13:41 | Build | Blacksmith |
| 13:52 | Create | Villager (Male) |
| 13:52 | Create | Villager (Male) |
| 13:59 | Research | Double-Bit Axe |
| 14:32 | Build | Farm |
| 14:45 | Build | Farm |
| 14:50 | Build | Farm |
| 14:56 | Build | Barracks |
| 15:01 | Create | Villager (Male) |
| 15:13 | Create | Villager (Male) |
| 15:21 | Build | Farm |
| 15:32 | Build | Farm |
| 16:00 | Build | Mining Camp |
| 16:15 | Research | Castle Age |
| 16:31 | Build | Stable |
| 16:34 | Create | Militia |
| 16:44 | Research | Stone Mining |
| 17:17 | Research | Gold Mining |
| 17:38 | Build | Farm |
| 18:12 | Create | Militia |
| 18:14 | Research | Scale Mail Armor |
| 18:18 | Research | Forging |
| 18:43 | Build | House |
| 18:55 | Age | Castle Age |
| 19:01 | Create | Knight |
| 19:12 | Research | Scale Barding Armor |
| 19:39 | Create | Villager (Male) |
| 19:39 | Create | Villager (Male) |
| 19:40 | Create | Villager (Male) |
| 20:14 | Build | Castle |
| 20:55 | Create | Villager (Male) |
| 20:56 | Research | Town Watch |
| 21:13 | Build | Town Center |
| 21:58 | Create | Throwing Axeman |
| 21:59 | Create | Throwing Axeman |
| 22:13 | Research | Fletching |
| 22:22 | Create | Throwing Axeman |
| 22:32 | Create | Petard |
| 22:32 | Create | Petard |
| 23:22 | Build | Mill |
| 23:45 | Create | Throwing Axeman |
| 23:50 | Create | Villager (Male) |
| 23:50 | Create | Villager (Male) |
| 23:50 | Create | Villager (Male) |
| 23:51 | Create | Villager (Male) |
| 23:55 | Create | Villager (Male) |
| 23:55 | Create | Villager (Male) |
| 25:26 | Build | Siege Workshop |
| 25:45 | Research | Wheelbarrow |
| 25:46 | Research | Wheelbarrow |
| 25:47 | Create | Villager (Male) |
| 25:48 | Create | Villager (Male) |
| 25:48 | Create | Villager (Male) |
| 25:48 | Create | Villager (Male) |
| 26:03 | Build | Monastery |
| 26:24 | Build | University |
| 26:37 | Create | Villager (Male) |
| 26:53 | Create | Battering Ram |
| 27:10 | Research | Bow Saw |
| 27:10 | Research | Bow Saw |
| 27:15 | Create | Villager (Male) |
| 27:16 | Create | Villager (Male) |
| 27:16 | Create | Villager (Male) |
| 27:36 | Create | Knight |
| 27:51 | Create | Scorpion |
| 28:04 | Create | Mangonel |
| 28:33 | Create | Scorpion |
| 28:45 | Create | Villager (Male) |
| 29:05 | Create | Monk |
| 29:46 | Build | Siege Workshop |
| 29:58 | Build | Town Center |
| 30:27 | Create | Villager (Male) |
| 30:27 | Create | Villager (Male) |
| 30:34 | Build | Lumber Camp |
| 30:53 | Build | Stable |
| 31:06 | Build | Mining Camp |
| 31:38 | Build | Siege Workshop |
| 31:47 | Research | Imperial Age |
| 31:50 | Create | Villager (Male) |
| 31:51 | Create | Villager (Male) |
| 31:51 | Create | Villager (Male) |
| 31:54 | Create | Villager (Male) |
| 31:55 | Create | Villager (Male) |
| 32:30 | Build | Farm |
| 32:31 | Build | Farm |
| 32:35 | Create | Villager (Male) |
| 32:36 | Create | Villager (Male) |
| 32:46 | Create | Scorpion |
| 32:47 | Create | Scorpion |
| 32:49 | Create | Scorpion |
| 32:52 | Create | Knight |
| 33:21 | Create | Villager (Male) |
| 33:27 | Build | Farm |
| 33:46 | Create | Villager (Male) |
| 33:46 | Create | Villager (Male) |
| 33:58 | Build | Stable |
| 34:03 | Create | Mangonel |
| 34:13 | Build | House |
| 34:13 | Build | House |
| 34:34 | Create | Scorpion |
| 34:46 | Build | House |
| 34:57 | Build | House |
| 34:57 | Age | Imperial Age |
| 34:58 | Build | House |
Build order — cArLoS
First 150 of 306 actions detected
| 0:02 | Create | Villager (Male) |
| 0:02 | Create | Villager (Male) |
| 0:03 | Create | Villager (Male) |
| 0:03 | Create | Villager (Male) |
| 0:04 | Build | House |
| 0:06 | Build | House |
| 1:36 | Create | Villager (Male) |
| 1:37 | Create | Villager (Male) |
| 1:46 | Build | Lumber Camp |
| 2:03 | Create | Villager (Male) |
| 2:04 | Create | Villager (Male) |
| 2:04 | Create | Villager (Male) |
| 2:21 | Create | Villager (Male) |
| 2:51 | Create | Villager (Male) |
| 3:12 | Create | Villager (Male) |
| 3:12 | Create | Villager (Male) |
| 3:40 | Create | Villager (Male) |
| 3:40 | Create | Villager (Male) |
| 4:11 | Create | Villager (Male) |
| 4:11 | Create | Villager (Male) |
| 4:16 | Build | House |
| 4:27 | Build | Mill |
| 4:35 | Create | Villager (Male) |
| 4:35 | Create | Villager (Male) |
| 4:36 | Create | Villager (Male) |
| 5:02 | Create | Villager (Male) |
| 5:02 | Create | Villager (Male) |
| 5:25 | Create | Villager (Male) |
| 5:25 | Create | Villager (Male) |
| 5:35 | Create | Villager (Male) |
| 5:35 | Create | Villager (Male) |
| 5:51 | Build | House |
| 5:59 | Create | Villager (Male) |
| 6:31 | Create | Villager (Male) |
| 7:07 | Create | Villager (Male) |
| 7:21 | Build | Lumber Camp |
| 7:29 | Create | Villager (Male) |
| 7:39 | Create | Villager (Male) |
| 8:05 | Build | House |
| 8:10 | Build | Mining Camp |
| 8:36 | Create | Villager (Male) |
| 8:42 | Create | Villager (Male) |
| 9:13 | Create | Villager (Male) |
| 9:19 | Research | Feudal Age |
| 9:31 | Build | Farm |
| 9:32 | Build | Farm |
| 9:33 | Build | Farm |
| 10:29 | Build | Farm |
| 10:44 | Create | Villager (Male) |
| 10:45 | Create | Villager (Male) |
| 11:08 | Build | House |
| 11:49 | Age | Feudal Age |
| 11:54 | Build | Market |
| 11:58 | Build | Blacksmith |
| 12:22 | Build | Town Center |
| 13:08 | Research | Castle Age |
| 13:09 | Research | Castle Age |
| 14:10 | Create | Villager (Male) |
| 14:20 | Build | Farm |
| 14:21 | Build | Farm |
| 14:33 | Create | Villager (Male) |
| 15:41 | Create | Villager (Male) |
| 15:48 | Age | Castle Age |
| 15:51 | Build | Town Center |
| 15:57 | Create | Villager (Male) |
| 16:00 | Research | Wheelbarrow |
| 16:16 | Create | Villager (Male) |
| 16:22 | Build | Farm |
| 16:22 | Build | Farm |
| 16:41 | Create | Villager (Male) |
| 17:01 | Create | Villager (Male) |
| 17:25 | Build | Farm |
| 17:25 | Build | Farm |
| 17:32 | Build | Town Center |
| 17:34 | Create | Villager (Male) |
| 17:35 | Create | Villager (Male) |
| 17:45 | Build | Farm |
| 17:46 | Build | Farm |
| 17:47 | Build | Farm |
| 17:48 | Build | Farm |
| 17:52 | Create | Villager (Male) ×2 |
| 17:53 | Create | Villager (Male) ×2 |
| 18:07 | Build | Farm |
| 18:07 | Build | Farm |
| 18:20 | Build | House |
| 18:22 | Build | House |
| 18:24 | Build | House |
| 18:26 | Create | Villager (Male) ×2 |
| 18:26 | Create | Villager (Male) ×2 |
| 18:34 | Create | Villager (Male) |
| 18:34 | Create | Villager (Male) |
| 18:37 | Build | Farm |
| 18:45 | Create | Villager (Male) ×2 |
| 18:52 | Research | Loom |
| 18:52 | Research | Loom |
| 19:00 | Build | Farm |
| 19:03 | Build | Farm |
| 19:06 | Create | Villager (Male) ×2 |
| 19:06 | Create | Villager (Male) ×2 |
| 19:11 | Build | Farm |
| 19:23 | Create | Villager (Male) |
| 19:23 | Create | Villager (Male) |
| 19:27 | Create | Villager (Male) |
| 19:28 | Create | Villager (Male) |
| 19:37 | Research | Horse Collar |
| 19:37 | Research | Horse Collar |
| 19:38 | Research | Horse Collar |
| 19:48 | Research | Double-Bit Axe |
| 19:49 | Research | Double-Bit Axe |
| 19:55 | Create | Villager (Male) |
| 19:56 | Create | Villager (Male) |
| 19:59 | Build | House |
| 20:01 | Build | House |
| 20:02 | Create | Villager (Male) ×2 |
| 20:10 | Build | Farm |
| 20:11 | Build | Farm |
| 20:21 | Create | Villager (Male) ×2 |
| 20:21 | Create | Villager (Male) ×2 |
| 20:31 | Build | Mining Camp |
| 20:36 | Create | Villager (Male) |
| 20:36 | Create | Villager (Male) |
| 20:49 | Create | Villager (Male) ×2 |
| 20:49 | Create | Villager (Male) ×2 |
| 20:56 | Create | Villager (Male) ×3 |
| 21:10 | Build | House |
| 21:12 | Create | Villager (Male) |
| 21:26 | Create | Villager (Male) ×3 |
| 21:47 | Research | Heavy Plow |
| 21:47 | Research | Heavy Plow |
| 21:50 | Create | Villager (Male) ×2 |
| 21:50 | Create | Villager (Male) ×2 |
| 22:06 | Build | Siege Workshop |
| 22:08 | Create | Villager (Male) ×2 |
| 22:08 | Create | Villager (Male) ×3 |
| 22:12 | Build | House |
| 22:12 | Build | House |
| 22:13 | Build | House |
| 22:13 | Build | House |
| 22:13 | Build | House |
| 22:14 | Build | House |
| 22:14 | Build | House |
| 22:14 | Build | House |
| 22:15 | Build | House |
| 22:15 | Build | House |
| 22:16 | Build | House |
| 22:16 | Build | House |
| 22:16 | Build | House |
| 22:17 | Build | House |
| 22:17 | Build | House |
| 22:41 | Research | Hand Cart |
Build order — Loki
First 150 of 239 actions detected
| 1:48 | Create | Villager (Male) |
| 1:48 | Create | Villager (Male) |
| 1:48 | Create | Villager (Male) |
| 1:48 | Create | Villager (Male) |
| 2:00 | Create | Villager (Male) |
| 2:00 | Create | Villager (Male) |
| 2:00 | Create | Villager (Male) |
| 2:35 | Create | Villager (Male) |
| 2:35 | Create | Villager (Male) |
| 2:35 | Create | Villager (Male) |
| 2:47 | Create | Villager (Male) |
| 2:48 | Create | Villager (Male) |
| 2:48 | Create | Villager (Male) |
| 3:15 | Build | Mill |
| 3:33 | Create | Villager (Male) |
| 3:33 | Create | Villager (Male) |
| 3:33 | Create | Villager (Male) |
| 3:33 | Create | Villager (Male) |
| 4:31 | Create | Villager (Male) |
| 4:32 | Create | Villager (Male) |
| 4:32 | Create | Villager (Male) |
| 4:32 | Create | Villager (Male) |
| 4:38 | Build | House |
| 4:49 | Build | Lumber Camp |
| 5:56 | Create | Villager (Male) |
| 5:56 | Create | Villager (Male) |
| 5:56 | Create | Villager (Male) |
| 5:56 | Create | Villager (Male) |
| 6:18 | Create | Villager (Male) |
| 6:18 | Create | Villager (Male) |
| 6:19 | Create | Villager (Male) |
| 6:22 | Create | Villager (Male) |
| 6:23 | Create | Villager (Male) |
| 7:17 | Build | House |
| 8:57 | Research | Feudal Age |
| 9:45 | Build | Lumber Camp |
| 10:51 | Create | Villager (Male) |
| 10:53 | Create | Villager (Male) |
| 10:57 | Build | House |
| 11:07 | Age | Feudal Age |
| 11:12 | Create | Villager (Male) |
| 11:13 | Create | Villager (Male) |
| 11:13 | Create | Villager (Male) |
| 11:13 | Create | Villager (Male) |
| 11:41 | Build | Market |
| 12:03 | Build | Blacksmith |
| 12:06 | Build | House |
| 12:17 | Build | Mining Camp |
| 13:01 | Research | Double-Bit Axe |
| 13:04 | Research | Horse Collar |
| 13:25 | Build | Farm |
| 13:27 | Build | Farm |
| 13:29 | Build | Farm |
| 13:47 | Build | Farm |
| 13:54 | Build | Farm |
| 14:13 | Build | Farm |
| 14:18 | Build | Farm |
| 14:21 | Build | Farm |
| 14:26 | Build | Farm |
| 14:29 | Create | Villager (Male) |
| 14:29 | Research | Loom |
| 14:38 | Build | Farm |
| 15:04 | Research | Castle Age |
| 16:27 | Build | House |
| 16:31 | Build | House |
| 17:27 | Create | Villager (Male) |
| 17:27 | Create | Villager (Male) |
| 17:27 | Create | Villager (Male) |
| 17:44 | Age | Castle Age |
| 17:57 | Build | Castle |
| 18:12 | Research | Bow Saw |
| 18:14 | Research | Heavy Plow |
| 18:16 | Create | Villager (Male) |
| 18:16 | Create | Villager (Male) |
| 18:16 | Create | Villager (Male) |
| 18:16 | Create | Villager (Male) |
| 18:17 | Create | Villager (Male) |
| 18:28 | Build | Mining Camp |
| 18:37 | Create | Villager (Male) |
| 18:38 | Create | Villager (Male) |
| 19:20 | Build | Town Center |
| 19:31 | Create | Villager (Male) |
| 19:31 | Create | Villager (Male) |
| 19:32 | Create | Villager (Male) |
| 20:13 | Research | Stone Mining |
| 20:16 | Research | Gold Mining |
| 20:18 | Create | Chu Ko Nu ×2 |
| 20:19 | Create | Chu Ko Nu ×2 |
| 20:43 | Create | Villager (Male) |
| 20:53 | Create | Chu Ko Nu |
| 20:53 | Create | Chu Ko Nu |
| 20:54 | Create | Chu Ko Nu |
| 21:04 | Create | Chu Ko Nu |
| 21:04 | Create | Chu Ko Nu |
| 21:19 | Build | Town Center |
| 21:28 | Create | Chu Ko Nu |
| 21:28 | Create | Chu Ko Nu |
| 21:44 | Create | Villager (Male) |
| 21:45 | Create | Villager (Male) |
| 21:45 | Create | Villager (Male) |
| 21:46 | Create | Villager (Male) |
| 21:54 | Build | Farm |
| 21:57 | Build | Farm |
| 22:00 | Build | Farm |
| 22:03 | Build | Farm |
| 22:05 | Create | Chu Ko Nu |
| 22:06 | Create | Chu Ko Nu |
| 22:08 | Research | Fletching |
| 22:15 | Build | Farm |
| 22:29 | Create | Chu Ko Nu |
| 22:30 | Create | Chu Ko Nu |
| 22:31 | Create | Chu Ko Nu |
| 22:32 | Create | Villager (Male) |
| 22:32 | Create | Villager (Male) |
| 22:33 | Create | Villager (Male) |
| 22:33 | Create | Villager (Male) |
| 22:44 | Create | Villager (Male) |
| 22:44 | Create | Villager (Male) |
| 22:44 | Create | Villager (Male) |
| 23:03 | Create | Villager (Male) |
| 23:03 | Create | Villager (Male) |
| 23:03 | Create | Villager (Male) |
| 23:07 | Create | Villager (Male) |
| 23:07 | Create | Villager (Male) |
| 23:08 | Create | Villager (Male) |
| 23:09 | Create | Chu Ko Nu |
| 23:10 | Create | Chu Ko Nu |
| 23:10 | Create | Chu Ko Nu |
| 23:10 | Create | Chu Ko Nu |
| 23:20 | Create | Chu Ko Nu |
| 23:20 | Create | Chu Ko Nu |
| 23:20 | Create | Chu Ko Nu |
| 23:22 | Create | Villager (Male) |
| 23:22 | Create | Villager (Male) |
| 23:22 | Create | Villager (Male) |
| 23:55 | Create | Petard |
| 23:56 | Create | Petard |
| 24:00 | Build | Farm |
| 24:03 | Create | Villager (Male) |
| 24:03 | Create | Villager (Male) |
| 24:06 | Create | Chu Ko Nu |
| 24:06 | Create | Chu Ko Nu |
| 24:06 | Create | Chu Ko Nu |
| 24:14 | Build | Farm |
| 24:18 | Create | Chu Ko Nu |
| 24:35 | Create | Villager (Male) |
| 24:35 | Create | Villager (Male) |
| 24:39 | Create | Villager (Male) |
| 24:39 | Create | Villager (Male) |
| 24:39 | Create | Villager (Male) |
Match timeline
| 10:48 | SeventhDrip9 · first_building Barracks |
| 11:07 | Loki · age_up feudal |
| 11:11 | 白馬义从 · age_up feudal |
| 11:17 | JimmyKumarMcgill · age_up feudal |
| 11:20 | 風実花 · age_up feudal |
| 11:45 | dantealhz · age_up feudal |
| 11:49 | cArLoS · age_up feudal |
| 14:56 | 白馬义从 · first_building Barracks |
| 14:57 | JimmyKumarMcgill · age_up castle |
| 15:02 | Loki · first_market_sell 100 stone |
| 15:08 | 風実花 · age_up castle |
| 15:29 | JimmyKumarMcgill · first_building Monastery |
| 15:48 | cArLoS · age_up castle |
| 16:22 | 風実花 · first_building Castle |
| 16:31 | 白馬义从 · first_building Stable |
| 17:21 | cArLoS · first_market_buy 100 stone |
| 17:44 | Loki · age_up castle |
| 17:57 | Loki · first_building Castle |
| 18:22 | SeventhDrip9 · first_building Monastery |
| 18:55 | 白馬义从 · age_up castle |
| 19:31 | 風実花 · first_building Monastery |
| 19:31 | dantealhz · age_up castle |
| 19:48 | dantealhz · first_building Monastery |
| 20:14 | 白馬义从 · first_building Castle |
| 21:31 | FraButtu89 · first_building Castle |
| 21:45 | 白馬义从 · first_market_buy 100 wood |
| 22:06 | cArLoS · first_building Siege Workshop |
| 22:51 | 風実花 · first_building Barracks |
| 23:45 | SeventhDrip9 · first_building Castle |
| 23:59 | SeventhDrip9 · wall_segment Stone Wall x1 |
| 24:04 | 風実花 · first_building Archery Range |
| 24:06 | SeventhDrip9 · wall_segment Stone Wall x4 |
| 24:07 | 風実花 · first_building Stable |
| 24:34 | FraButtu89 · first_building Barracks |
| 24:42 | cArLoS · first_building Barracks |
| 25:03 | cArLoS · first_building Castle |
| 25:11 | SeventhDrip9 · wall_segment Stone Wall x5 |
| 25:16 | 白馬义从 · first_market_sell 100 stone |
| 25:26 | 白馬义从 · first_building Siege Workshop |
| 25:28 | SeventhDrip9 · wall_segment Stone Wall x3 |
| 26:03 | 白馬义从 · first_building Monastery |
| 26:34 | dantealhz · first_building Siege Workshop |
| 27:40 | dantealhz · first_building Castle |
| 28:00 | SeventhDrip9 · first_building Siege Workshop |
| 28:16 | JimmyKumarMcgill · first_building Castle |
| 28:37 | 風実花 · first_building Siege Workshop |
| 28:42 | JimmyKumarMcgill · first_building Barracks |
| 29:06 | Loki · first_building Siege Workshop |
| 29:37 | JimmyKumarMcgill · first_building Stable |
| 30:10 | 風実花 · age_up imperial |
| 30:58 | JimmyKumarMcgill · tribute_sent a jugador 1 |
| 30:58 | JimmyKumarMcgill · tribute_sent a jugador 2 |
| 30:58 | JimmyKumarMcgill · tribute_sent a jugador 3 |
| 30:58 | JimmyKumarMcgill · tribute_sent a jugador 5 |
| 30:58 | JimmyKumarMcgill · tribute_sent a jugador 6 |
| 30:58 | JimmyKumarMcgill · tribute_sent a jugador 7 |
| 30:58 | JimmyKumarMcgill · tribute_sent a jugador 8 |
| 31:19 | FraButtu89 · first_building Stable |
| 31:26 | SeventhDrip9 · first_market_sell 100 stone |
| 31:30 | SeventhDrip9 · first_market_buy 100 food |
| 32:15 | JimmyKumarMcgill · age_up imperial |
| 32:56 | SeventhDrip9 · first_building Stable |
| 33:12 | Loki · age_up imperial |
| 33:54 | dantealhz · age_up imperial |
| 34:49 | cArLoS · first_market_sell 100 wood |
| 34:57 | 白馬义从 · age_up imperial |
| 35:51 | FraButtu89 · wall_segment Stone Wall x20 |
| 37:03 | cArLoS · resign |
| 38:41 | 風実花 · first_market_buy 100 wood |
[ AI ANALYSIS · 1 CREDIT ]
What really happened in this match?
Wolo.gg analyzes every decision: build order, eco, micro, common mistakes by bracket. Personalized analysis on WhatsApp or Discord in 30 seconds.
Civ guide
Poles
Perfil
Jugador #936735